 Dungeon Crawl Stone Soup version 0.27-a0-824-gca8104f8d5 (console) character file.

Game seed: 8357075989759271339

168 sprayer the Shield-Bearer (level 5, -2/47 HPs)
             Began as a Minotaur Fighter on Mar 30, 2021.
             Slain by Grinder (5 damage)
             ... on level 3 of the Dungeon.
             The game lasted 00:10:49 (2206 turns).

sprayer the Shield-Bearer (Minotaur Fighter)        Turns: 2206, Time: 00:10:50

Health: -2/47      AC:  8    Str: 22    XL:     5   Next: 23%
Magic:  4/4        EV:  7    Int:  5    God:
Gold:   71         SH: 10    Dex:  9    Spells: 4/4 levels left

rFire    . . .     SeeInvis .   a - +0 war axe
rCold    . . .     Faith    .   c - +0 kite shield
rNeg     . . .     Spirit   .   b - +0 scale mail
rPois    .         Reflect  .   (helmet restricted)
rElec    .         Harm     .   (no cloak)
rCorr    .         Rampage  .   (no gloves)
Will     .....                  h - +0 pair of boots
Stlth    ..........             (no amulet)
HPRegen  0.15/turn              (no ring)
MPRegen  0.09/turn              (no ring)

@: no status effects
A: horns 2, retaliatory headbutt
a: no special abilities


You were on level 3 of the Dungeon.
You visited 1 branch of the dungeon, and saw 3 of its levels.

You collected 71 gold pieces.

Inventory:

Hand Weapons
 a - a +0 war axe (weapon)
 e - a +0 club
 f - a +0 short sword
 l - a +0 club
 o - a +0 club
Missiles
 g - 51 stones
 j - 8 boomerangs (quivered)
Armour
 b - a +0 scale mail (worn)
 c - a +0 kite shield (worn)
 h - a +0 pair of boots (worn)
 p - a +0 cloak
 r - a +0 leather armour of positive energy
Scrolls
 i - a scroll of enchant weapon {unknown}
 m - 2 scrolls of teleportation {unknown}
 n - 2 scrolls of identify {unknown}
Potions
 d - a potion of might
 k - a potion of heal wounds {unknown}
 q - a potion of magic {unknown}
 s - a potion of mutation {unknown}
 t - a potion of experience {unknown}


   Skills:
 + Level 4.5 Fighting
 + Level 3.6 Axes
 + Level 4.8 Armour
 + Level 0.2 Dodging
 + Level 0.4 Stealth
 + Level 5.0 Shields


You had 4 spell levels left.
You didn't know any spells.
Your spell library was empty.

Dungeon Overview and Level Annotations

Branches:
Dungeon (3/15)

Altars:

Shops:
D:1 [*[!*

Annotations:
D:3 Grinder


Innate Abilities, Weirdness & Mutations

You have a pair of horns on your head.
You reflexively headbutt those who attack you in melee.


Message History

Grinder is almost dead.
Grinder gestures at you. Pain shoots through your body!
Grinder blinks!
You open the door.
There is an open door here.
You open the door.
Found a green potion.
Grinder blinks!
Grinder blinks!
There is an open door here.
Grinder is nearby!
Grinder gestures at you.
You suddenly lose the ability to move!
Grinder gestures at you. Pain shoots through your body!
Grinder gestures at you. Pain shoots through your body!
* * * LOW HITPOINT WARNING * * *
Grinder says, "Wait up."
Grinder hits you!
* * * LOW HITPOINT WARNING * * *
You can move again.
There is an open door, spattered with blood here.
You closely miss Grinder. Your headbutt misses Grinder.
Grinder is almost dead.
Grinder blinks!
You hit Grinder but do no damage.
Grinder is almost dead.
Grinder hits you.
* * * LOW HITPOINT WARNING * * *
You barely miss Grinder.
Grinder is almost dead.
Grinder hits you but does no damage.
You hit Grinder. Your headbutt misses Grinder.
Grinder is almost dead.
Grinder hits you but does no damage. x2
You completely miss Grinder.
Grinder is almost dead.
Grinder hits you but does no damage. Grinder hits you.
You die...

.# ...># ## .#... .##
##### .##.#...### .
#...##.##.#...#.#### ...
#.#.##.##.#...#...<#
.....##...##.#....###.####
#..'...'@5......##.###
#....#...#.##..##.##...#
...## #...#.....##.####.#
! .....#####....#....##
###..### #.....#.###.#
##.....#..)..#.....#
#.........#.#####.#
#.....##..#.......# ....
#.)#########


You could see Grinder.

Vanquished Creatures
  Natasha (thrice) (D:2)
  3 adders (D:2)
  2 worms (D:2)
  2 dart slugs
  7 endoplasms
  A giant cockroach (D:2)
  4 goblins
  A hobgoblin (D:2)
  8 jackals
  2 quokkas
  A ball python (D:2)
  5 bats
  2 frilled lizards (D:1)
  9 kobolds
  6 rats
  4 toadstools (D:1)
60 creatures vanquished.

Notes
Turn   | Place    | Note
-------+----------+-------------------------------------------
     0 | D:1      | sprayer the Minotaur Fighter began the quest for the Orb.
     0 | D:1      | Reached XP level 1. HP: 19/19 MP: 0/0
   148 | D:1      | Found Deggu's Armour Boutique.
   235 | D:1      | Reached XP level 2. HP: 19/27 MP: 1/1
   357 | D:1      | Found Emoib's Assorted Antiques.
   392 | D:1      | Found Xaerr's Distillery.
   465 | D:1      | Reached skill level 4 in Shields
   539 | D:1      | Found Beanako's General Store.
   603 | D:1      | Found Unkier's Antique Armour Shoppe.
  1142 | D:2      | Noticed Natasha
  1146 | D:2      | Killed Natasha
  1147 | D:2      | Reached XP level 3. HP: 33/33 MP: 2/2
  1289 | D:2      | Reached XP level 4. HP: 40/40 MP: 3/3
  1434 | D:2      | Noticed Natasha
  1453 | D:2      | Killed Natasha
  1949 | D:2      | Noticed Natasha
  1953 | D:2      | Killed Natasha
  1954 | D:2      | Reached skill level 5 in Shields
  1954 | D:2      | Reached XP level 5. HP: 47/47 MP: 4/4
  2157 | D:3      | Noticed Grinder
  2196 | D:3      | Paralysed by Grinder for 5 turns
  2206 | D:3      | Slain by Grinder

Illustrated notes

Levels and vault maps discovered:
D:1:      ldierk_water_garden, layout_loops_ring, serial_shops, shop,
          nicolae_shop_crystal, nicolae_shop_waterfront,
          nicolae_shop_overgrown_old_shop, shop, minmay_tripent
D:2:      minmay_skewed_foursquare, layout_basic, st_stairs_2, uniq_natasha
D:3:      layout_basic, lemuel_crystal_altar, uniq_grinder, uniq_ijyb,
          uniq_jessica

Skill      XL: |  1  2  3  4 |
---------------+-------------+-----
Armour         | 4 |  4.8
Fighting       | 4 |  4.5
Shields        | 4 5 |  5.0
Axes           | 3 |  3.6
Dodging        | |  0.2
Stealth        | |  0.4

Action                   |  1- 3 |  4- 6 || total
-------------------------+-------+-------++-------
Melee: War axe           |    71 |    76 ||   147
       Headbutt          |    13 |     9 ||    22
Throw: Boomerang         |     1 |     4 ||     5
       Stone             |     1 |       ||     1
Armor: Scale mail        |    37 |    28 ||    65
Dodge: Dodged            |    19 |    12 ||    31
Block: Kite shield       |    33 |    29 ||    62

Table legend: (Time is in decaauts)
 A = Elapsed time spent in this place.
 B = Non-inter-level travel time spent in this place.
 C = Inter-level travel time spent in this place.
 D = Time resting spent in this place.
 E = Time spent auto-exploring this place.
 F = Levels seen in this place.
 G = Mean time per level.
                   A        B        C        D        E       F      G
               +--------+--------+--------+--------+--------+-----+--------+
         Total |   2301 |   2201 |    100 |    300 |   1266 |   3 |  767.0 |
       Dungeon |   2301 |   2201 |    100 |    300 |   1266 |   3 |  767.0 |
               +--------+--------+--------+--------+--------+-----+--------+

Top non-repeatable levels by time:
     D:1: 1165 daAuts
     D:2: 1028 daAuts
     D:3: 108 daAuts
